[Event "ICC tourney 1955 (60 10)"]
[Site "Internet Chess Club"]
[Date "2020.08.08"]
[Round "5"]
[White "TDogg"]
[Black "Zach-Ry"]
[Result "1-0"]
[ICCResult "Black resigns"]
[WhiteElo "2025"]
[BlackElo "1737"]
[Opening "Giuoco Piano"]
[ECO "C54"]
[NIC "IG.02"]
[Time "15:20:51"]
[TimeControl "3600+10"]

1. e4 e5 2. Nf3 Nc6 3. Bc4 Bc5 4. c3 Nf6 5. d3 O-O 6. O-O d6 7. b4 Bb6 8. a4
a5 9. Qb3 Qe7 10. Nbd2 Be6 11. Re1 axb4 12. cxb4 Nd4 13. Nxd4 Bxd4 14. Ra2
Ng4 15. Nf3 Ba7 16. Be3 Bxe3 17. fxe3 Bxc4 18. Qxc4 Kh8 19. a5 f5 20. exf5
Nh6 21. e4 Rad8 22. Qc1 Nf7 23. Rc2 d5 24. Qb2 d4 25. Rc5 b6 26. axb6 cxb6
27. Rc6 b5 28. Qd2 Ra8 29. Re6 Qc7 30. Rc1 Qb8 31. Ng5 Nxg5 32. Qxg5 Ra7 33.
h4 Re8 34. Rec6 Qb7 35. Kh2 Qf7 36. Rc8 Re7 37. R8c5 Rb7 38. Qg3 Qf6 39. Rc6
Qf7 40. R1c5 Qb3 41. Rc7 Rxc7 42. Rxc7 Qg8 43. Qg5 h6 44. Qg6 Rc8 45. Re7
Rc3 46. f6 {Black resigns} 1-0

[Event "ICC tourney 1955 (60 10)"]
[Site "Internet Chess Club"]
[Date "2020.08.08"]
[Round "5"]
[White "ningaling291"]
[Black "canary2016"]
[Result "0-1"]
[ICCResult "White resigns"]
[WhiteElo "1716"]
[BlackElo "2009"]
[Opening "Sicilian: Najdorf"]
[ECO "B90"]
[NIC "SI.14"]
[Time "15:21:14"]
[TimeControl "3600+10"]

1. e4 c5 2. Nf3 d6 3. d4 cxd4 4. Nxd4 Nf6 5. Nc3 a6 6. f3 e5 7. Nb3 Be6 8.
Be3 h5 9. Qd2 Nbd7 10. O-O-O Be7 11. h3 h4 12. Be2 Rc8 13. Kb1 O-O 14. Bg5
Ne8 15. Be3 Nb6 16. Rdg1 Nf6 17. g3 hxg3 18. Rxg3 Nh5 19. Rg2 f5 20. f4 exf4
21. Bxf4 Nxf4 22. Qxf4 fxe4 23. Qh6 Bf6 24. Rxg7+ Bxg7 25. Qxe6+ Kh8 26. Rg1
Qf6 27. Qg4 d5 28. Rf1 Qh6 29. Rd1 Bxc3 30. bxc3 Na4 31. Ka1 Nxc3 32. Rg1
Rg8 {White resigns} 0-1

[Event "ICC tourney 1955 (60 10)"]
[Site "Internet Chess Club"]
[Date "2020.08.08"]
[Round "5"]
[White "mdbgaccp"]
[Black "playtowin2020"]
[Result "0-1"]
[ICCResult "White checkmated"]
[WhiteElo "1794"]
[BlackElo "1960"]
[Opening "Réti opening"]
[ECO "A30"]
[NIC "EO.26"]
[Time "15:20:26"]
[TimeControl "3600+10"]

1. Nf3 c5 2. c4 g6 3. Nc3 Bg7 4. g3 Nf6 5. d4 cxd4 6. Nxd4 Nc6 7. Bg2 O-O 8.
O-O a6 9. e3 Qc7 10. b3 d6 11. Bb2 Nxd4 12. Qxd4 Be6 13. Rac1 Rfc8 14. Rfd1
Rab8 15. Nd5 Bxd5 16. cxd5 Qa5 17. Qa7 Qxa2 18. Bxf6 Bxf6 19. b4 Qa4 20. Bh3
Rd8 21. Qb6 Bc3 22. Rb1 a5 23. b5 Bb4 24. Ra1 Qc2 25. Rdc1 Qe2 26. Rc7 Be1
27. e4 Bb4 28. Qe3 Qb2 29. Qc1 Qf6 30. Rc2 b6 31. Rc4 Bc5 32. Ra2 Qf3 33.
Rac2 Ra8 34. Qa1 Ra7 35. Qa4 h5 36. Bf1 h4 37. Bg2 Qd1+ 38. Bf1 hxg3 39.
hxg3 Qf3 40. Bg2 Qh5 41. Rc1 Qh6 42. R1c2 Kg7 43. Qa1+ f6 44. Kf1 Rh8 45.
Qc3 a4 46. Ra2 a3 47. Rxc5 bxc5 48. Rxa3 Rxa3 49. Qxa3 Qd2 50. Bf3 Rh2 51.
Be2 Qd4 52. Qf3 Qa1+ 53. Bd1 Qb1 54. Kg1 Rh8 55. Qb3 Qxe4 56. f3 Qe1+ 57.
Kg2 Qh1+ 58. Kf2 Rh2+ 59. Ke3 Qe1+ 60. Kf4 Qe5+ 61. Kg4 Qg5# {White
checkmated} 0-1

[Event "ICC tourney 1955 (60 10)"]
[Site "Internet Chess Club"]
[Date "2020.08.08"]
[Round "5"]
[White "bg26723"]
[Black "FL2009"]
[Result "0-1"]
[ICCResult "White resigns"]
[WhiteElo "1888"]
[BlackElo "1803"]
[Opening "Giuoco Piano: Anderssen variation"]
[ECO "C54"]
[NIC "IG.02"]
[Time "15:20:53"]
[TimeControl "3600+10"]

1. e4 e5 2. Nf3 Nc6 3. Bc4 Bc5 4. c3 Nf6 5. d4 exd4 6. e5 d5 7. Bb5 Ne4 8.
cxd4 Bb4+ 9. Bd2 Bxd2+ 10. Nbxd2 Nxd2 11. Bxc6+ bxc6 12. Qxd2 Ba6 13. Rc1
Bb5 14. Qc2 a5 15. a4 Bc4 16. b3 Ba6 17. Qxc6+ Kf8 18. Rc5 Qb8 19. Nd2 Ra7
20. Rxa5 Qb6 21. Qxd5 g6 22. f3 Kg7 23. Kf2 Qb4 24. Rd1 Raa8 25. Rc5 Rhd8
26. Qc6 Qxd4+ 27. Kg3 Be2 28. Qf6+ Kg8 29. Rxc7 Rd7 30. Rdc1 Qxd2 31. Rc8+
Rd8 32. R1c7 Qd5 33. e6 Qd6+ 34. Kh4 Qxh2+ 35. Kg4 Qxg2+ 36. Kh4 g5+ 37. Kh5
Qxf3+ {White resigns} 0-1

[Event "ICC tourney 1955 (60 10)"]
[Site "Internet Chess Club"]
[Date "2020.08.08"]
[Round "5"]
[White "justice02"]
[Black "taupuri"]
[Result "1/2-1/2"]
[ICCResult "Game drawn by mutual agreement"]
[WhiteElo "1827"]
[BlackElo "1894"]
[Opening "Caro-Kann: classical variation"]
[ECO "B18"]
[NIC "CK.10"]
[Time "15:20:51"]
[TimeControl "3600+10"]

1. e4 c6 2. d4 d5 3. Nd2 dxe4 4. Nxe4 Bf5 5. Ng5 Nf6 6. Bc4 e6 7. Ne2 h6 8.
Nf3 Bd6 9. O-O Qc7 10. Ng3 Bh7 11. Re1 O-O 12. Bd3 Bxd3 13. Qxd3 c5 14. c3
Nc6 15. dxc5 Bxc5 16. Ne4 Nxe4 17. Qxe4 Qe7 18. Be3 Bxe3 19. Rxe3 Rfd8 20.
Rae1 Rd6 21. h4 Rdd8 22. g4 Qc5 23. g5 hxg5 24. hxg5 Qf5 25. Qxf5 exf5 26.
Kg2 g6 27. b4 a6 28. a4 b5 29. a5 Kg7 30. Ne5 Nxe5 31. Rxe5 Rac8 32. R1e3
Rc4 33. Re7 Rdc8 34. Ra7 Rxc3 35. Ree7 Rf8 36. Rxa6 Rc4 37. f3 Rxb4 38. Rb6
f4 39. Rbb7 Ra4 40. Rxb5 Rh8 41. Rbb7 Ra2+ 42. Kg1 Ra1+ 43. Kg2 Ra2+ 44. Kg1
Ra1+ 45. Kg2 {Game drawn by mutual agreement} 1/2-1/2

[Event "ICC tourney 1955 (60 10)"]
[Site "Internet Chess Club"]
[Date "2020.08.08"]
[Round "5"]
[White "Kyle2007"]
[Black "Chessking2008"]
[Result "1/2-1/2"]
[ICCResult "Game drawn because neither player has mating material"]
[WhiteElo "1984"]
[BlackElo "2145"]
[Opening "Sicilian: Canal-Sokolsky attack, Sokolsky variation"]
[ECO "B52"]
[NIC "SI.01"]
[Time "15:20:29"]
[TimeControl "3600+10"]

1. e4 c5 2. Nf3 d6 3. Bb5+ Bd7 4. Bxd7+ Qxd7 5. c4 Nc6 6. Nc3 e5 7. O-O g6
8. d3 Bg7 9. Be3 Nge7 10. Qd2 O-O 11. Bh6 a6 12. Bxg7 Kxg7 13. Nd5 Rab8 14.
a4 b5 15. axb5 axb5 16. b3 bxc4 17. bxc4 Nxd5 18. exd5 Nb4 19. Rfb1 Qf5 20.
Rb3 Rfe8 21. Qc3 Qf6 22. Nd2 Ra8 23. Rba3 Rxa3 24. Rxa3 Qe7 25. Ra5 Qc7 26.
Ra4 Qb7 27. Qa3 Rb8 28. h3 Qb6 29. Ne4 Rb7 30. Ra5 Nc2 31. Qa2 Nb4 32. Qa3
Qc7 33. Ra8 Qe7 34. g3 f5 35. Nd2 Nc2 36. Qa4 Nd4 37. Kg2 Qd7 38. Qxd7+ Rxd7
39. Nf3 Nc2 40. Ra2 Nb4 41. Ra3 Kf6 42. h4 h6 43. Nd2 Nc2 44. Rb3 Ra7 45.
Rb6 Ke7 46. Kf1 Ra1+ 47. Rb1 Rxb1+ 48. Nxb1 Kf6 49. f4 g5 50. fxg5+ hxg5 51.
hxg5+ Kxg5 52. Nc3 Kf6 53. Nb5 Ke7 54. Kf2 Nd4 55. Nxd4 cxd4 56. Kf3 Kf6 57.
g4 fxg4+ 58. Kxg4 Kg6 59. Kg3 Kg5 60. Kf3 Kf5 61. Kg3 e4 62. dxe4+ Kxe4 63.
Kf2 d3 64. c5 Kxd5 65. cxd6 Kxd6 66. Ke3 Ke5 67. Kxd3
{Game drawn because neither player has mating material}
1/2-1/2

[Event "ICC tourney 1955 (60 10)"]
[Site "Internet Chess Club"]
[Date "2020.08.08"]
[Round "5"]
[White "agpil"]
[Black "ikeepchecking"]
[Result "1-0"]
[ICCResult "Black resigns"]
[WhiteElo "1905"]
[BlackElo "1992"]
[Opening "Caro-Kann: advance variation"]
[ECO "B12"]
[NIC "CK.04"]
[Time "15:20:49"]
[TimeControl "3600+10"]

1. e4 c6 2. d4 d5 3. e5 Bf5 4. h4 h5 5. c4 e6 6. Nc3 Nh6 7. Bg5 Be7 8. Nf3
Nd7 9. c5 Bg6 10. Bxe7 Qxe7 11. b4 O-O 12. Be2 Nf5 13. g3 b6 14. O-O a5 15.
a3 Rfb8 16. Na4 axb4 17. axb4 bxc5 18. bxc5 Qd8 19. Nc3 Rb4 20. Qd2 Rxa1 21.
Rxa1 Qb8 22. Ra6 Qb7 23. Qg5 Qc8 24. Qd2 Nb8 25. Rb6 Rxb6 26. cxb6 Qb7 27.
Na4 Ne7 28. Qa5 Nc8 29. Nd2 Bc2 30. Bxh5 Nd7 31. Nc5 Qxb6 32. Qc3 Nxc5 33.
dxc5 Qb8 34. Qxc2 Qxe5 35. Bf3 Ne7 36. Nf1 Nf5 37. Qd3 Qa1 38. Kg2 Qc1 39.
Ne3 Ne7 40. Qd4 f6 41. Qb4 Kf7 42. Bd1 e5 43. Ba4 g6 44. Qb6 d4 45. Nc4 d3
46. Nd6+ Kg7 47. Qc7 d2 48. Qxe7+ Kh6 49. Qxf6 Kh7 50. Ne8 {Black resigns}
1-0

[Event "ICC tourney 1955 (60 10)"]
[Site "Internet Chess Club"]
[Date "2020.08.08"]
[Round "5"]
[White "gitb98"]
[Black "BranKing"]
[Result "0-1"]
[ICCResult "White resigns"]
[WhiteElo "1903"]
[BlackElo "2112"]
[Opening "Dutch defense"]
[ECO "A96"]
[NIC "HD.03"]
[Time "15:20:00"]
[TimeControl "3600+10"]

1. d4 f5 2. g3 Nf6 3. Bg2 e6 4. c4 Be7 5. Nc3 O-O 6. Nf3 d6 7. O-O a5 8. Qc2
Nc6 9. a3 e5 10. d5 Nb8 11. e4 Na6 12. exf5 Ng4 13. h3 Bxf5 14. Qe2 Nf6 15.
g4 Bd7 16. Ng5 c6 17. f4 exf4 18. Bxf4 Nxd5 19. cxd5 Bxg5 20. Bxd6 Re8 21.
Qf3 cxd5 22. Qxd5+ Be6 23. Rf8+ Rxf8 24. Qxe6+ Rf7 25. Rf1 Bf6 26. Bd5 Kh8
27. Qxf7 Qxd6 28. Qxb7 Qg3+ 29. Bg2 Rb8 30. Qxa6 Bd4+ 31. Kh1 Be5 32. Rf4
Bxf4 33. Kg1 Be3+ 34. Kh1 Rf8 35. Qe2 Rf2 {White resigns} 0-1

[Event "ICC tourney 1955 (60 10)"]
[Site "Internet Chess Club"]
[Date "2020.08.08"]
[Round "5"]
[White "JackFromLost"]
[Black "Ayushb"]
[Result "1/2-1/2"]
[ICCResult "Game drawn because neither player has mating material"]
[WhiteElo "1922"]
[BlackElo "1756"]
[Opening "Queen's pawn, Mason variation"]
[ECO "D00"]
[NIC "QP.08"]
[Time "15:21:14"]
[TimeControl "3600+10"]

1. d4 d5 2. Bf4 e6 3. e3 Bd6 4. Bg3 Nf6 5. Nd2 c5 6. c3 Nc6 7. Bd3 cxd4 8.
exd4 e5 9. dxe5 Nxe5 10. Bxe5 Bxe5 11. Ngf3 Bc7 12. O-O O-O 13. Qc2 Bg4 14.
Rfe1 Qd6 15. Ne5 Bh5 16. h3 Bg6 17. Rad1 Bxd3 18. Qxd3 Rfe8 19. Nef3 Rad8
20. Nb3 Nh5 21. Rxe8+ Rxe8 22. Qxd5 Qxd5 23. Rxd5 Nf6 24. Rd2 Kf8 25. Nbd4
Bb6 26. Kf1 Ne4 27. Re2 Nc5 28. Nd2 Rxe2 29. Nxe2 Nd3 30. b3 Bxf2 31. Nf4
Nxf4 32. Kxf2 Ke7 33. Kf3 Nd5 34. c4 Nc7 35. Ke4 Ke6 36. b4 f5+ 37. Kf4 Kf6
38. Nb3 g5+ 39. Kf3 b6 40. a4 Ke5 41. a5 bxa5 42. Nxa5 Kd4 43. c5 Kc3 44.
Nc6 Kc4 45. Nxa7 Kxb4 46. c6 Kc5 47. Nc8 Nd5 48. Na7 Kb6 49. c7 Kxc7 50.
Nb5+ Kd7 51. Nd4 Ne7 52. h4 h6 53. hxg5 hxg5 54. Nxf5 Nxf5 55. Kg4 Ne3+ 56.
Kxg5 Nxg2 {Game drawn because neither player has mating material} 1/2-1/2

[Event "ICC tourney 1955 (60 10)"]
[Site "Internet Chess Club"]
[Date "2020.08.08"]
[Round "5"]
[White "Coolbull"]
[Black "peakypoe"]
[Result "1-0"]
[ICCResult "Black resigns"]
[WhiteElo "1891"]
[BlackElo "1934"]
[Opening "Sicilian: Hungarian variation"]
[ECO "B27"]
[NIC "SI.43"]
[Time "15:20:29"]
[TimeControl "3600+10"]

1. e4 c5 2. Nf3 g6 3. c3 d5 4. exd5 Qxd5 5. d4 cxd4 6. cxd4 Bg7 7. Be2 Nf6
8. O-O O-O 9. Nc3 Qa5 10. Bf4 Nh5 11. Bg5 e6 12. Be3 Nc6 13. Qb3 b6 14. Rfd1
Ba6 15. Bxa6 Qxa6 16. d5 Na5 17. Qc2 exd5 18. Nxd5 Qc4 19. Qd2 Nf6 20. Nxf6+
Bxf6 21. b3 Qe4 22. Rac1 Rad8 23. Qe2 Rxd1+ 24. Rxd1 Rc8 25. h3 Rc2 26. Rd2
Rc1+ 27. Rd1 Rc2 28. Rd2 Rc1+ 29. Rd1 Rc5 30. b4 Rc2 31. Qe1 Nc4 32. Nd2
Nxd2 33. Rxd2 Rc4 34. a3 Kg7 35. Rd7 g5 36. Rxa7 g4 37. hxg4 Qxg4 38. Bxb6
Re4 39. Be3 Qg6 40. Qd2 Rg4 41. Bh6+ Qxh6 42. Rxf7+ Kg8 43. Qxh6 Kxf7 44.
Qxh7+ Ke6 45. Qh3 Kf5 46. f3 {Black resigns} 1-0

[Event "ICC tourney 1955 (60 10)"]
[Site "Internet Chess Club"]
[Date "2020.08.08"]
[Round "5"]
[White "piplup0621"]
[Black "ickyquarter"]
[Result "1-0"]
[ICCResult "Black checkmated"]
[WhiteElo "1927"]
[BlackElo "2099"]
[Opening "Queen's pawn game, Darooha variation "]
[ECO "D11"]
[NIC "QP.09"]
[Time "15:20:15"]
[TimeControl "3600+10"]

1. Nf3 d5 2. d4 Nf6 3. c4 c6 4. Qb3 dxc4 5. Qxc4 Bf5 6. g3 e6 7. Bg2 Bd6 8.
O-O O-O 9. e3 Nbd7 10. Rd1 Nb6 11. Qe2 Nbd5 12. Ne1 Bxb1 13. Rxb1 Be7 14. e4
Nb6 15. Be3 Qd7 16. Nd3 Rad8 17. Ne5 Qc8 18. Rbc1 Nfd7 19. f4 Nxe5 20. fxe5
Qb8 21. Qg4 Kh8 22. a3 Nd7 23. b4 a5 24. Rb1 axb4 25. axb4 Qa7 26. Qe2 Qb8
27. Qc4 Rc8 28. g4 Bd8 29. g5 Bb6 30. Bf2 Qc7 31. h4 Ra8 32. Rb3 Rfd8 33.
Rc1 Rac8 34. h5 g6 35. Rf3 Rf8 36. Rf1 Kg7 37. Qc1 Qd8 38. Qf4 Qe8 39. Be3
Bd8 40. Qh4 Kg8 41. Rh3 Qe7 42. d5 exd5 43. exd5 Nxe5 44. hxg6 fxg6 45.
Rxf8+ Kxf8 46. Bc5 Bb6 47. Bxb6 Kg8 48. Bd4 cxd5 49. Bxd5+ Kf8 50. Re3 Rc1+
51. Kg2 Qxb4 52. Qf4+ Ke7 53. Qxe5+ Kd8 54. Qe8+ Kc7 55. Re7+ Qxe7 56. Qxe7+
Kb8 57. Qd8+ Rc8 58. Be5+ Ka7 59. Qa5# {Black checkmated} 1-0

[Event "ICC tourney 1955 (60 10)"]
[Site "Internet Chess Club"]
[Date "2020.08.08"]
[Round "5"]
[White "anton555"]
[Black "chesslin"]
[Result "1-0"]
[ICCResult "Black resigns"]
[WhiteElo "2169"]
[BlackElo "1947"]
[Opening "Pirc: Austrian attack, 6.Bd3"]
[ECO "B06"]
[NIC "PU.02"]
[Time "15:20:23"]
[TimeControl "3600+10"]

1. e4 g6 2. d4 Bg7 3. Nc3 d6 4. f4 Nf6 5. Nf3 O-O 6. Bd3 Na6 7. O-O c5 8. d5
Nc7 9. a4 e6 10. dxe6 Bxe6 11. f5 Bd7 12. fxg6 hxg6 13. Qe1 Nh7 14. Qg3 Bc6
15. Bf4 Ne8 16. Ng5 Nxg5 17. Bxg5 Qb6 18. Bc4 Qxb2 19. Bd2 Qb4 20. Qd3 Qb6
21. Rab1 Qd8 22. Qg3 Bd4+ 23. Kh1 Kg7 24. Qh3 Kg8 25. Qg3 Kg7 26. Qf4 g5 27.
Qg4 f6 28. Rf5 Kg6 29. Bxg5 fxg5 30. Rxf8 Qd7 31. Be6 Qe7 32. Qf5+ Kh6 33.
Rf7 Qxf7 34. Bxf7 Kg7 35. Qg6+ Kf8 36. Qg8+ Ke7 37. Nd5+ Bxd5 38. Bxd5 Rb8
39. Qf7+ Kd8 40. Be6 Nf6 41. Qf8+ Kc7 42. Qe7+ Kc6 43. c4 b6 44. Bd5+
{Black resigns}
1-0

[Event "ICC tourney 1955 (60 10)"]
[Site "Internet Chess Club"]
[Date "2020.08.08"]
[Round "5"]
[White "Almanac2050"]
[Black "runtilmorrow1"]
[Result "1-0"]
[ICCResult "Black checkmated"]
[WhiteElo "1534"]
[BlackElo "2005"]
[Opening "Sicilian: dragon, Yugoslav attack, 7...O-O"]
[ECO "B76"]
[NIC "SI.17"]
[Time "15:20:11"]
[TimeControl "3600+10"]

1. e4 c5 2. Nf3 d6 3. d4 cxd4 4. Nxd4 Nf6 5. Nc3 g6 6. f3 Bg7 7. Be3 O-O 8.
Bc4 Nc6 9. Bb3 Bd7 10. Qd2 Rb8 11. O-O-O Na5 12. Kb1 b5 13. Rdg1 e5 14. Nde2
Nxb3 15. cxb3 b4 16. Nd1 Qa5 17. Qxd6 Bb5 18. Nc1 Rbc8 19. Bd2 Rc6 20. Qxb4
Qa6 21. Bc3 Rb8 22. Qa5 Bd3+ 23. Nxd3 Qxd3+ 24. Ka1 Bf8 25. Qxe5 Rb5 26. Nf2
Qc2 27. Qxb5 Ba3 28. Rc1 Qxf2 29. Qxc6 Qb6 30. Qxb6 axb6 31. Bxf6 Bf8 32.
Rc8 g5 33. Rhc1 h5 34. Rxf8+ Kh7 35. Rc6 g4 36. Rh8+ Kg6 37. Bc3+ Kg5 38.
Bd2+ Kh4 39. Rxh5+ Kxh5 40. Rh6# {Black checkmated} 1-0

[Event "ICC tourney 1955 (60 10)"]
[Site "Internet Chess Club"]
[Date "2020.08.08"]
[Round "5"]
[White "sanjayselvam"]
[Black "Zuiopal"]
[Result "1-0"]
[ICCResult "Black checkmated"]
[WhiteElo "1935"]
[BlackElo "1720"]
[Opening "Queen's pawn: London system"]
[ECO "A45"]
[NIC "QP.07"]
[Time "15:20:02"]
[TimeControl "3600+10"]

1. d4 Nf6 2. Bf4 e6 3. e3 b6 4. Nf3 Bb7 5. c3 d6 6. h3 Nbd7 7. Nbd2 Qe7 8.
Nc4 g6 9. Be2 Bg7 10. Bh2 O-O 11. O-O d5 12. Na3 c6 13. c4 Ne4 14. Rc1 a6
15. Nb1 c5 16. Nc3 dxc4 17. Nxe4 Bxe4 18. dxc5 Bxb2 19. Rxc4 Bd5 20. Bd6 Qf6
21. Rf4 Qg7 22. Bxf8 Rxf8 23. cxb6 Nxb6 24. Rb4 Nc8 25. e4 Ba8 26. Qc2 Ba3
27. Rb8 Nd6 28. Rxf8+ Qxf8 29. Qd3 Nxe4 30. Ne5 Bd6 31. Ng4 h5 32. Ne3 Nc5
33. Qd4 e5 34. Qc4 e4 35. Nd5 Qg7 36. Rd1 Qe5 37. g3 h4 38. Qc3 hxg3 39.
Qxe5 gxf2+ 40. Kxf2 Bxe5 41. Nb6 Bc6 42. Bc4 Kg7 43. Nd5 f5 44. Ne7 Bb7 45.
Rd8 Kf6 46. Re8 Bd4+ 47. Kg3 Be5+ 48. Kh4 e3 49. Ng8+ Kg7 50. Rxe5 f4 51.
Rxc5 f3 52. Rc7+ Kf8 53. Nf6 e2 54. Rf7# {Black checkmated} 1-0

[Event "ICC tourney 1955 (60 10)"]
[Site "Internet Chess Club"]
[Date "2020.08.08"]
[Round "5"]
[White "Knightoffaith"]
[Black "aauman"]
[Result "1/2-1/2"]
[ICCResult "Game drawn by mutual agreement"]
[WhiteElo "1856"]
[BlackElo "1608"]
[Opening "Caro-Kann: Tartakower (Nimzovich) variation"]
[ECO "B15"]
[NIC "CK.06"]
[Time "15:20:12"]
[TimeControl "3600+10"]

1. e4 c6 2. d4 d5 3. Nd2 dxe4 4. Nxe4 Nf6 5. Nxf6+ exf6 6. c3 Bd6 7. Bd3 O-O
8. Qc2 Re8+ 9. Ne2 h5 10. Be3 Nd7 11. O-O-O Qa5 12. Kb1 Nf8 13. c4 Bg4 14.
h3 Be6 15. Bd2 Bb4 16. Bxb4 Qxb4 17. Qc3 a5 18. a3 Qxc3 19. Nxc3 Ng6 20. d5
Bd7 21. Rhe1 Ne5 22. Bf1 c5 23. Ne4 Bf5 24. f3 Bg6 25. Kc1 Nd7 26. Nd6 Rxe1
27. Rxe1 b6 28. f4 h4 29. Kd2 Kf8 30. Bd3 Bxd3 31. Kxd3 g6 32. Kc3 f5 33.
Nb5 a4 34. Kd3 Nf6 35. Nc3 Ne8 36. Nb5 Rd8 37. Nc3 Ra8 38. Nb5 Kg7 39. Re7
Nf6 40. Nd6 Rf8 {Game drawn by mutual agreement} 1/2-1/2

[Event "ICC tourney 1955 (60 10)"]
[Site "Internet Chess Club"]
[Date "2020.08.08"]
[Round "5"]
[White "saiabhi29"]
[Black "davidbtn"]
[Result "1-0"]
[ICCResult "Black checkmated"]
[WhiteElo "2062"]
[BlackElo "1794"]
[Opening "Queen's pawn, Mason variation, Steinitz counter-gambit"]
[ECO "D00"]
[NIC "QP.08"]
[Time "15:21:14"]
[TimeControl "3600+10"]

1. d4 d5 2. Bf4 c5 3. e3 Nc6 4. c3 e6 5. Nd2 Nf6 6. Ngf3 Bd6 7. Bg3 O-O 8.
Bd3 b6 9. e4 dxe4 10. Nxe4 Nxe4 11. Bxe4 Bb7 12. Qa4 Na5 13. dxc5 Bxc5 14.
Rd1 Qe8 15. Bxh7+ Kxh7 16. Qh4+ Kg8 17. Ng5 Be4 18. Qxe4 f5 19. Qh4 Qg6 20.
b4 Be7 21. f4 Nc4 22. Rd7 Ne3 23. Ke2 Nd5 24. Rc1 Rfd8 25. Rxe7 Nxe7 26. Nf3
Qe8 27. Nd4 Nc6 28. Bf2 e5 29. Nxf5 exf4+ 30. Kf1 Qf7 31. Qg5 Kf8 32. Kg1
Rd5 33. Qxf4 Qxf5 34. Qc4 Rad8 35. Bd4 Nxd4 36. Rf1 Ne2+ 37. Qxe2 Qxf1+ 38.
Qxf1+ Kg8 39. Qc4 Kh8 40. h3 Rd2 41. a4 Rd1+ 42. Kh2 Ra1 43. Qh4+ Kg8 44.
Qxd8+ Kh7 45. Qh4+ Kg8 46. Qc4+ Kh7 47. Qd5 Rxa4 48. Qf5+ Kg8 49. Qe6+ Kh8
50. Qe8+ Kh7 51. Qxa4 a5 52. bxa5 bxa5 53. Qxa5 Kh8 54. c4 Kh7 55. c5 g6 56.
c6 Kh6 57. c7 Kh7 58. c8=Q g5 59. Qcc7+ Kh6 60. Qab6+ Kh5 61. Qh7#
{Black checkmated}
1-0

[Event "ICC tourney 1955 (60 10)"]
[Site "Internet Chess Club"]
[Date "2020.08.08"]
[Round "5"]
[White "BadWolf"]
[Black "chessw23"]
[Result "1/2-1/2"]
[ICCResult "Game drawn by mutual agreement"]
[WhiteElo "1994"]
[BlackElo "1860"]
[Opening "QGD: exchange, positional line"]
[ECO "D35"]
[NIC "QO.16"]
[Time "15:20:47"]
[TimeControl "3600+10"]

1. d4 d5 2. c4 e6 3. Nc3 Nf6 4. cxd5 exd5 5. Bg5 Be7 6. e3 c6 7. Bd3 Nbd7 8.
Qc2 h6 9. Bh4 O-O 10. Nge2 Re8 11. f3 c5 12. O-O c4 13. Bf5 Nb6 14. Bxc8
Rxc8 15. e4 dxe4 16. fxe4 Nxe4 17. Qxe4 Bxh4 18. Qxb7 Rc7 19. Qf3 Bf6 20.
Rad1 Rce7 21. Qg4 Nd5 22. Nxd5 Qxd5 23. Rxf6 Rxe2 24. Rf2 Rxf2 25. Kxf2 c3
26. bxc3 Qxa2+ 27. Kg1 Qc2 28. Qf3 a5 29. d5 Re3 30. Qf1 Qxc3 31. d6 Qc5 32.
Qf2 Qh5 33. Rd2 Qe5 34. Rd1 Qh5 35. Rd2 {Game drawn by mutual agreement}
1/2-1/2

[Event "ICC tourney 1955 (60 10)"]
[Site "Internet Chess Club"]
[Date "2020.08.08"]
[Round "5"]
[White "StarWaricc"]
[Black "leojiang"]
[Result "1-0"]
[ICCResult "Black resigns"]
[WhiteElo "1746"]
[BlackElo "1864"]
[Opening "Nimzo-Indian: 4.e3, main line with ...b6"]
[ECO "E52"]
[NIC "NI.06"]
[Time "15:20:55"]
[TimeControl "3600+10"]

1. d4 Nf6 2. c4 e6 3. Nc3 Bb4 4. e3 d5 5. Nf3 O-O 6. Bd3 b6 7. O-O Bb7 8. a3
Be7 9. b3 Nbd7 10. Bb2 c5 11. Rc1 Rc8 12. cxd5 Nxd5 13. Nxd5 exd5 14. Qd2
Nf6 15. h3 Qd6 16. Rfd1 Rfd8 17. Qe2 Ne4 18. dxc5 Nxc5 19. Bc2 Bf6 20. Bxf6
Qxf6 21. Nd4 Ne4 22. Bxe4 dxe4 23. b4 a6 24. a4 h6 25. a5 bxa5 26. bxa5 Qe5
27. Rb1 Rb8 28. Qe1 Rd5 29. Rb3 Rdd8 30. Rdb1 Bd5 31. Rb6 Rxb6 32. axb6 Bb7
33. Qc3 Rc8 34. Qa3 Qc5 35. Qb2 Kf8 36. g3 Kg8 37. Kg2 g6 38. Rd1 Qc3 39.
Qb3 h5 40. h4 Kg7 41. Qa4 Qc5 42. Ne6+ fxe6 43. Qd7+ Kh6 44. Qxb7 Qf5 45.
Qxc8 Qf3+ 46. Kg1 Qxd1+ 47. Kh2 Kg7 48. b7 Qf3 49. Qc7+ {Black resigns} 1-0

[Event "ICC tourney 1955 (60 10)"]
[Site "Internet Chess Club"]
[Date "2020.08.08"]
[Round "5"]
[White "Mengocat"]
[Black "minitotoro"]
[Result "1-0"]
[ICCResult "Black resigns"]
[WhiteElo "1918"]
[BlackElo "1590"]
[Opening "Caro-Kann: classical, 6.h4"]
[ECO "B18"]
[NIC "CK.11"]
[Time "15:20:25"]
[TimeControl "3600+10"]

1. e4 c6 2. d4 d5 3. Nc3 dxe4 4. Nxe4 Bf5 5. Ng3 Bg6 6. h4 h6 7. f4 e6 8.
Nf3 Nd7 9. h5 Bh7 10. Bd3 Bxd3 11. Qxd3 Bd6 12. Bd2 Qc7 13. Ne5 Bxe5 14.
dxe5 O-O-O 15. Qe2 Ne7 16. O-O-O Nc5 17. Be3 Qa5 18. Kb1 Nd5 19. Bxc5 Qxc5
20. Rhf1 Qb4 21. Ne4 f5 22. exf6 gxf6 23. c4 Nb6 24. b3 Na4 25. Rxd8+ Rxd8
26. Qe1 Qb6 27. Kc2 f5 28. Nc3 Nc5 29. Rf3 Rd6 30. Qe5 Rd7 31. Rg3 Rd8 32.
Rg6 Nd3 33. Qxe6+ Kb8 34. Nd5 Qd4 35. Qd6+ {Black resigns} 1-0

[Event "ICC tourney 1955 (60 10)"]
[Site "Internet Chess Club"]
[Date "2020.08.08"]
[Round "5"]
[White "whyyoutrysohard"]
[Black "winner08"]
[Result "1/2-1/2"]
[ICCResult "Game drawn by mutual agreement"]
[WhiteElo "1618"]
[BlackElo "1762"]
[Opening "Neo-Grünfeld, 6.cd Nxd5, 7.O-O"]
[ECO "D74"]
[NIC "KI.80"]
[Time "15:20:38"]
[TimeControl "3600+10"]

1. d4 Nf6 2. c4 g6 3. Nf3 Bg7 4. g3 O-O 5. Bg2 d5 6. cxd5 Nxd5 7. O-O e6 8.
e4 Nb6 9. Nc3 Nc6 10. Be3 Nc4 11. b3 Nxe3 12. fxe3 e5 13. d5 Ne7 14. Rc1 f5
15. Nd2 c6 16. Nc4 cxd5 17. Nxd5 Be6 18. Nxe7+ Qxe7 19. exf5 gxf5 20. Qd6
Qf6 21. Bxb7 Rad8 22. Qa3 Rd7 23. Bg2 Rfd8 24. Qb2 Qg5 25. Qe2 Rd3 26. Rce1
h5 27. Qf2 Bh6 28. Nxe5 Rd2 29. Re2 Rxe2 30. Qxe2 Qxe3+ 31. Qxe3 Bxe3+ 32.
Kh1 Rd2 33. Nc4 Bxc4 34. bxc4 Rxa2 35. Bd5+ Kg7 36. Rxf5 a5 37. Bc6 a4 38.
Bxa4 Rxa4 39. Rxh5 Rxc4 40. Kg2 Kg6 41. Re5 Bd4 42. Re4 Rc2+ 43. Kf3 Bf6 44.
Re2 Rc8 45. h3 Kf5 46. Re3 Bg5 47. Rd3 Re8 {Game drawn by mutual agreement}
1/2-1/2

[Event "ICC tourney 1955 (60 10)"]
[Site "Internet Chess Club"]
[Date "2020.08.08"]
[Round "5"]
[White "saatvik"]
[Black "andrewjiang2"]
[Result "1-0"]
[ICCResult "Black resigns"]
[WhiteElo "1836"]
[BlackElo "2052"]
[Opening "Réti opening"]
[ECO "A05"]
[NIC "QP.11"]
[Time "15:21:14"]
[TimeControl "3600+10"]

1. Nf3 Nf6 2. g3 d5 3. Bg2 e6 4. O-O Bd6 5. d3 O-O 6. Nbd2 c5 7. e4 Nc6 8.
Re1 Bc7 9. h4 h6 10. Nh2 e5 11. g4 dxe4 12. dxe4 Nh7 13. Ndf3 Qxd1 14. Rxd1
Nd4 15. Nxd4 exd4 16. f4 Re8 17. e5 g5 18. hxg5 hxg5 19. Re1 gxf4 20. Bxf4
Rb8 21. Bf3 Bd7 22. g5 Re7 23. Bg4 Bc6 24. Bf5 Bd7 25. Bxd7 Rxd7 26. Ng4 Re8
27. Re2 d3 28. cxd3 Rxd3 29. Rg2 Red8 30. Nf6+ Kg7 31. Rh2 Nf8 32. Nh5+ Kg6
33. Ng3 Ne6 34. Rh6+ Kg7 35. Nh5+ Kf8 36. Rf1 Rd1 37. Rh8+ Ke7 38. Rxd8
Rxf1+ 39. Kxf1 Kxd8 40. Bg3 Ke8 41. Nf6+ Kf8 42. Ne4 Kg7 43. Ke2 Kg6 44. Kd3
b6 45. Kc4 Nxg5 46. Nxg5 Kxg5 47. e6 Bd8 48. exf7 Be7 49. Bb8 a6 50. Kd5 Kf6
51. Bd6 Kxf7 52. Bxe7 Kxe7 53. Kc6 b5 54. Kxc5 Kd7 55. Kb6 Kd6 56. b4
{Black resigns}
1-0